 Dungeon Crawl Stone Soup version 0.30-b1-2-g02819fbbbe (webtiles) character file.

Game seed: 2629381107242202181

131411 Metae the Warrior (level 16, -22/150 HPs)
             Began as a Minotaur Fighter on June 23, 2023.
             Was a Believer of Uskayaw.
             Killed from afar by Asterion (41 damage)
             ... with a fireball
             ... on level 3 of the Snake Pit on June 24, 2023.
             The game lasted 01:50:09 (30471 turns).

Metae the Warrior (Minotaur Fighter)               Turns: 30471, Time: 01:50:09

Health: -22/150    AC: 30    Str: 24    XL:     16   Next: 55%
Magic:  24/24      EV: 13    Int:  5    God:    Uskayaw [**....]
Gold:   712        SH: 11    Dex: 15    Spells: 15/15 levels left

rFire   . . .        X - +6 dagger (drain)
rCold   . . .        O - +3 warlock's mirror {omnireflect}
rNeg    . . .        z - +3 plate armour {rPois}
rPois   +            K - +1 hat
rElec   .            (no cloak)
rCorr   .            L - +0 pair of gloves
SInv    .            j - +2 pair of boots {Fly}
Will    +....        v - amulet of faith Stlth
                     q - +4 ring of protection
HPRegen 0.45/turn    c - +4 ring of slaying
MPRegen 0.19/turn

%: reflection, faith
@: mighty, flying
A: horns 2, retaliatory headbutt
a: Renounce Religion, Stomp, Line Pass


You were on level 3 of the Snake Pit.
You worshipped Uskayaw.
Uskayaw was pleased with you.
You visited 5 branches of the dungeon, and saw 21 of its levels.
You also visited: Volcano.

You collected 1753 gold pieces.
You spent 1041 gold pieces at shops.

Inventory:

Hand Weapons
 s - a +0 short sword of venom
 Q - a +0 demon whip of venom
 X - a +6 dagger of draining (weapon)
Missiles
 u - 83 poisoned darts (quivered)
Armour
 j - a +2 pair of boots of flying (worn)
 z - a +3 plate armour of poison resistance (worn)
 K - a +1 hat (worn)
 L - a +0 pair of gloves (worn)
 O - the +3 warlock's mirror (worn) {omnireflect}
   (You found it on level 3 of the Snake Pit)

   Omnireflect: It can block and reflect piercing ranged attacks and magical
   attacks against the wielder's willpower.
 P - a +4 plate armour of fire resistance
Jewellery
 c - a +4 ring of slaying (right hand)
 f - a +6 ring of intelligence
 q - a +4 ring of protection (left hand)
 r - a ring of resist corrosion
 v - an amulet of faith (around neck)
 A - a ring of magical power
 C - a ring of willpower
 M - a ring of protection from fire
Wands
 b - a wand of polymorph (16)
 o - a wand of roots (7)
 w - a wand of flame (21)
 D - a wand of mindburst (2)
 U - a wand of digging (8)
 W - a wand of acid (5)
 Z - a wand of charming (5)
Scrolls
 a - a scroll of acquirement
 g - 3 scrolls of blinking
 h - 5 scrolls of fear
 i - 8 scrolls of teleportation
 n - 3 scrolls of brand weapon
 p - 2 scrolls of enchant armour
 t - a scroll of enchant weapon
 y - 4 scrolls of magic mapping
 E - a scroll of noise
 H - 4 scrolls of fog
 R - 3 scrolls of poison
 Y - a scroll of silence
Potions
 d - 4 potions of might
 e - 4 potions of lignification
 k - 13 potions of curing
 l - 5 potions of resistance
 m - 6 potions of haste
 x - a potion of experience {unknown}
 B - a potion of cancellation
 F - 2 potions of attraction {unknown}
 G - 4 potions of flight
 I - 2 potions of invisibility {unknown}
 N - 2 potions of mutation {unknown}
 S - 2 potions of heal wounds
 V - 4 potions of berserk rage {unknown}
Miscellaneous
 J - a box of beasts


   Skills:
 + Level 15.6 Fighting
 + Level 13.7 Short Blades
 - Level 4.0 Maces & Flails
 + Level 15.5 Armour
 + Level 13.6 Dodging
 + Level 15.4 Shields
 + Level 12.2 Invocations


You had 15 spell levels left.
You didn't know any spells.
Your spell library contained the following spells:

 Spells                   Type           Power      Damage    Failure   Level
 Kiss of Death            Conj/Necr      0%         2d5       99%         1
 Sting                    Tmut/Pois      0%         1d3       99%         1
 Blink                    Tloc           0%         N/A       100%        2
 Ensorcelled Hibernation  Hex/Ice        0%         N/A       100%        2
 Lesser Beckoning         Tloc           0%         N/A       100%        2
 Momentum Strike          Conj/Tloc      0%         3d8       100%        2
 Passwall                 Tmut/Erth      0%         N/A       100%        2
 Poisonous Vapours        Pois/Air       0%         N/A       100%        2
 Call Canine Familiar     Summ           0%         N/A       100%        3
 Confusing Touch          Hex            0%         N/A       100%        3
 Hailstorm                Conj/Ice       0%         3d3       100%        3
 Inner Flame              Hex/Fire       0%         N/A       100%        3
 Ozocubu's Armour         Ice            0%         N/A       100%        3
 Portal Projectile        Hex/Tloc       0%         N/A       100%        3
 Swiftness                Air            0%         N/A       100%        3
 Volatile Blastmotes      Fire/Tloc      0%         2d10      100%        3
 Animate Dead             Necr           0%         N/A       100%        4
 Dispel Undead            Necr           0%         3d6       100%        4
 Flame Wave               Conj/Fire      0%         2d4       100%        4
 Fulminant Prism          Conj/Hex       0%         3d5       100%        4
 Ice Form                 Ice/Tmut       0%         N/A       100%        4
 Iskenderun's Mystic Bla  Conj/Tloc      0%         2d3       100%        4
 Leda's Liquefaction      Hex/Erth       0%         N/A       100%        4
 Olgreb's Toxic Radiance  Pois           0%         N/A       100%        4
 Sticky Flame             Conj/Fire      0%         2d3       100%        4
 Borgnjor's Vile Clutch   Necr/Erth      0%         N/A       100%        5
 Lee's Rapid Deconstruct  Erth           0%         3d4*      100%        5
 Metabolic Englaciation   Hex/Ice        0%         N/A       100%        5
 Death Channel            Necr           0%         N/A       100%        6
 Simulacrum               Ice/Necr       0%         N/A       100%        6


Dungeon Overview and Level Annotations

Branches:
Dungeon (10/15)            Temple (1/1) D:4            Lair (5/5) D:10
 Shoals (0/4) Lair:2        Snake (3/4) Lair:3        Slime (0/5) Lair:4
    Orc (2/2) D:10            Elf (0/3) Orc:2       Volcano (visited)

Altars:
Ashenzari
Cheibriados
Dithmenos
Elyvilon
Fedhas
Gozag
Hepliaklqana
Kikubaaqudgha
Makhleb
Nemelex Xobeh
Okawaru
Qazlal
Ru
Sif Muna
Trog
Uskayaw
Vehumet
Wu Jian
Xom
Yredelemnul
Zin
The Shining One
Jiyva

Shops:
D:3 [   D:8 *   D:10 (   Orc:2 [(::   Snake:2 =   Snake:3 (!=(

Annotations:
D:8 5 runed translucent doors
D:10 1 runed translucent door, Thantalas's ghost, journeyman GrFi
Snake:3 Asterion; Vashnia


Innate Abilities, Weirdness & Mutations

You have a pair of horns on your head.
You reflexively headbutt those who attack you in melee.


Message History

The black mamba bites you but does no damage.
Vashnia mumbles some strange words.
Vashnia magically shoots a bolt.
The bolt hits you!
The guardian serpent coils itself and waves its upper body at you.
The bolt of poison hits the black mamba.
The bolt of poison hits you but does no damage.
You resist.
The naga warrior hits you from afar with a +0 vampiric glaive!
The naga warrior draws strength from your wounds!
The naga sharpshooter casts a spell.
The naga sharpshooter magically shoots an arrow.
The arrow hits you!
* * * LOW HITPOINT WARNING * * *
Asterion attacks as you move away! Asterion hits you but does no damage.
Asterion gores you but does no damage.
You feel sick. You block the black mamba's attack. The black mamba bites you!
* * * LOW HITPOINT WARNING * * *
You block Asterion's attack. The +0 spectral broad axe hits you.
* * * LOW HITPOINT WARNING * * *
Asterion gores you but does no damage.
A +0 spectral broad axe comes into view.
Blink to where?
Press: ? - help, Dir - move target
As you read the scroll of blinking, it crumbles to dust.
You feel sick.
You feel sick.
Uskayaw prepares the audience for your solo!
You feel sick.
You are no longer poisoned.
The naga sharpshooter is no longer paralysed.
The guardian serpent is no longer paralysed.
The naga warrior is no longer paralysed.
Asterion is no longer paralysed.
Things that are here:
a +0 dagger; a +0 robe Asterion attacks as you move away!
Asterion closely misses you. Asterion gores you but does no damage.
Asterion conjures a destructive force in the name of Makhleb!
The fireball explodes!
The fireball engulfs you!!!
You die...

#....N.....#....≈≈..).#......##
#####NNN###.#.≈§..§§§≈.#......#
..$...N§NN..#.≈###§≈#§§#.#....#
.....#####..#..#[.§..§§≈.#.....#
##.. #.S#≈.#.≈≈.§.§§........ ##
#..§≈.#.≈≈§≈.≈§........
#§.SH)#[..§§..≈....##..
#..≈.≈#≈≈###≈.#....#
#..≈.≈@....≈≈.#.#.##
#..#.§§.§≈....#.#.#
##.##§≈######## # #.......
########


You could see Asterion (fast), 2 naga warriors, a guardian serpent and a black
mamba.

Vanquished Creatures
  Gastronok (Lair:2)
  Aizul (Snake:3)
  A stone giant (Orc:1)
  A red draconian (Volcano)
  Josephine (Orc:2)
  Fannar (Orc:1)
  3 salamander tyrants
  A hydra (Lair:4)
  Erolcha (Orc:1)
  3 ogre magi
  7 anacondas
  3 catoblepae (Lair:5)
  Erica (D:9)
  19 two-headed ogres
  8 naga warriors
  27 death yaks
  6 naga sharpshooters
  Sonja (Lair:2)
  4 shock serpents (Snake:2)
  Amaemon (Lair:1)
  A skyshark (Lair:5)
  2 salamander mystics (Snake:3)
  2 sea snakes (Snake:1)
  2 deep trolls
  5 naga ritualists
  Pikel (D:5)
  An orc knight (Orc:1)
  An oklob plant (Lair:3)
  18 mana vipers
  An orc sorcerer (D:10)
  2 manticores (Lair:5)
  A cyclops (Orc:2)
  12 salamanders
  2 merfolk sirens (Lair:2)
  14 elephants
  10 naga magi
  4 guardian serpents
  26 black mambas
  A torpor snail (Lair:5)
  An orange demon (Lair:1)
  Maggie (D:8)
  An unseen horror (D:10)
  5 rime drakes
  12 cane toads
  4 kobold demonologists (D:10)
  7 komodo dragons
  2 merfolk (Lair:2)
  3 polar bears
  11 trolls
  A hornet (D:9)
  Prince Ribbit (D:5)
  14 blink frogs
  The ghost of raph the Grave Robber, an amateur DENe (D:4)
  A shadow (D:7)
  6 wraiths
  3 wyverns
  A vampire (D:10)
  36 yaks
  5 basilisks
  11 wargs
  30 nagas
  10 water moccasins
  A hell hound (D:10)
  18 orc warriors
  A sky beast (D:6)
  21 ogres
  An ice beast (D:6)
  6 black bears
  20 wolves
  A centaur (D:9)
  A lemure (D:5)
  3 gnoll sergeants
  9 kobold brigands
  16 bullfrogs
  4 scorpions
  17 wights
  4 killer bees (D:9)
  13 jellies
  11 howler monkeys
  2 electric eels (Snake:1)
  6 hounds
  10 orc priests
  6 gnoll boudas (D:10)
  4 sleepcaps
  Natasha (thrice) (D:3)
  A hell rat (Lair:3)
  7 iguanas
  16 orc wizards
  Robin (D:4)
  19 adders
  5 gnolls
  A river rat (D:4)
  4 white imps
  An ufetubus (D:4)
  3 worms
  2 dart slugs
  46 orcs
  14 ball pythons
  6 bats
  10 endoplasms
  4 giant cockroaches
  18 goblins
  12 hobgoblins
  4 jackals (D:4)
  2 quokkas
  4 frilled lizards
  22 kobolds
  11 rats
755 creatures vanquished.

Vanquished Creatures (others)
  23 fungi
  54 plants
77 creatures vanquished.

Grand Total: 832 creatures vanquished

Notes
Turn   | Place    | Note
-------+----------+-------------------------------------------
     0 | D:1      | Metae the Minotaur Fighter began the quest for the Orb.
     0 | D:1      | Reached XP level 1. HP: 19/19 MP: 0/0
   240 | D:1      | Reached XP level 2. HP: 26/27 MP: 1/1
   632 | D:2      | Found a faded altar of an unknown god.
   765 | D:2      | Reached XP level 3. HP: 31/33 MP: 2/2
  1099 | D:2      | Reached XP level 4. HP: 41/41 MP: 3/3
  1485 | D:3      | Reached XP level 5. HP: 42/47 MP: 4/4
  1961 | D:3      | Noticed Natasha
  1975 | D:3      | Killed Natasha
  2214 | D:3      | Found Soff's Armour Emporium.
  2252 | D:3      | Reached skill level 5 in Armour
  2339 | D:3      | Reached skill level 5 in Fighting
  2346 | D:3      | Reached skill level 1 in Short Blades
  2465 | D:3      | Reached skill level 5 in Shields
  2518 | D:3      | Noticed Natasha
  2521 | D:3      | Reached XP level 6. HP: 56/56 MP: 5/5
  2528 | D:3      | Killed Natasha
  2529 | D:3      | Reached skill level 1 in Dodging
  2619 | D:3      | Noticed Natasha
  2629 | D:3      | Killed Natasha
  2750 | D:4      | Found a staircase to the Ecumenical Temple.
  2856 | D:4      | Noticed Robin
  2870 | D:4      | Killed Robin
  2877 | D:4      | Reached XP level 7. HP: 38/62 MP: 6/6
  3762 | D:4      | Found a large runed translucent door.
  3762 | D:4      | Found a large runed translucent door.
  3764 | D:4      | Noticed raph's ghost (amateur DENe)
  3954 | D:4      | Killed raph's ghost
  4103 | Temple   | Entered the Ecumenical Temple
  4230 | Temple   | Became a worshipper of Uskayaw the Reveller
  4264 | D:5      | Entered Level 5 of the Dungeon
  4265 | D:5      | Reached * piety under Uskayaw
  4267 | D:5      | Reached ** piety under Uskayaw
  4269 | D:5      | Reached *** piety under Uskayaw
  4355 | D:5      | Reached XP level 8. HP: 54/70 MP: 7/7
  4355 | D:5      | Reached **** piety under Uskayaw
  4438 | D:5      | Noticed Prince Ribbit
  4456 | D:5      | Killed Prince Ribbit
  4457 | D:5      | Reached skill level 1 in Invocations
  4711 | D:5      | Noticed Pikel
  4718 | D:5      | Killed Pikel
  5731 | D:6      | Reached XP level 9. HP: 79/79 MP: 10/10
  5920 | D:6      | Found a shimmering blue altar of Sif Muna.
  5931 | D:6      | Found a hazy altar of Hepliaklqana.
  6050 | D:6      | Reached skill level 5 in Short Blades
  6050 | D:6      | Reached skill level 5 in Dodging
  6194 | D:6      | Found a basalt altar of Yredelemnul.
  6888 | D:7      | Reached ***** piety under Uskayaw
  7523 | D:7      | Noticed a rust devil
  7523 | D:7      | Noticed a rust devil
  7832 | D:8      | Reached XP level 10. HP: 80/84 MP: 12/12
  7860 | D:8      | Found Qites's Assorted Antiques.
  7884 | D:8      | Bought a scroll labelled COKHLE GATIDUF for 28 gold pieces
  7884 | D:8      | Bought 2 scrolls labelled NUHEFO JEANA for 56 gold pieces
  7886 | D:8      | Bought a potion of curing for 84 gold pieces
  7886 | D:8      | Bought a scroll of blinking for 210 gold pieces
  7968 | D:8      | Noticed Maggie
  7978 | D:8      | Killed Maggie
  8123 | D:8      | Found a runed translucent gate.
  8125 | D:8      | Found a runed translucent gate.
  8125 | D:8      | Found a runed translucent gate.
  8135 | D:8      | Found a runed translucent door.
  8143 | D:8      | Found the +9 staff of Olgreb {rPois∞}
  8210 | D:8      | Found a runed translucent door.
  8562 | D:9      | Found a glowing golden altar of the Shining One.
  8592 | D:9      | Noticed Erica
  8622 | D:9      | Reached skill level 5 in Invocations
  8833 | D:9      | Killed Erica
  9714 | D:10     | Entered Level 10 of the Dungeon
  9770 | D:10     | Noticed a two-headed ogre
  9774 | D:10     | Noticed an orange demon
  9921 | D:10     | Killed a two-headed ogre
 10087 | D:10     | Noticed a smoke demon
 10092 | D:10     | Reached XP level 11. HP: 96/97 MP: 14/14
 10311 | D:10     | Noticed a two-headed ogre
 10340 | D:10     | Killed a two-headed ogre
 10639 | D:10     | Noticed a two-headed ogre
 10651 | D:10     | Killed a two-headed ogre
 10652 | D:10     | Reached skill level 10 in Armour
 10888 | D:10     | Reached skill level 10 in Fighting
 10926 | D:10     | Noticed a two-headed ogre
 10940 | D:10     | Killed a two-headed ogre
 11197 | D:10     | Reached skill level 10 in Shields
 11303 | D:10     | Noticed an orc sorcerer
 11307 | D:10     | Paralysed by an orc sorcerer for 4 turns
 11316 | D:10     | Killed an orc sorcerer
 11672 | D:10     | Found a staircase to the Lair.
 11815 | D:10     | Reached ****** piety under Uskayaw
 12011 | D:10     | Noticed a sixfirhy
 12162 | D:10     | Found a runed translucent door.
 12163 | D:10     | Noticed a spriggan rider
 12164 | D:10     | Noticed Thantalas's ghost (journeyman GrFi)
 12164 | D:10     | Identified the +0 trident of Kismet {freeze, Fragile rElec
                  | SInv Stlth+}
 12233 | D:10     | Noticed a two-headed ogre
 12243 | D:10     | Killed a two-headed ogre
 12461 | D:10     | Found a staircase to the Orcish Mines.
 12556 | D:10     | Found Jusi's Weapon Emporium.
 12912 | Lair:1   | Entered Level 1 of the Lair of Beasts
 12954 | Lair:1   | Reached XP level 12. HP: 96/108 MP: 16/16
 13044 | Lair:1   | Noticed Amaemon
 13068 | Lair:1   | Killed Amaemon
 14222 | Lair:2   | Identified the +2 robe of Valiance {rC+ rCorr}
 14501 | Lair:2   | Noticed Sonja
 14511 | Lair:2   | Killed Sonja
 14540 | Lair:2   | Identified a scroll of acquirement
 14806 | Lair:2   | Found a staircase to the Shoals.
 15188 | Lair:2   | Noticed Gastronok
 15207 | Lair:2   | Killed Gastronok
 15383 | Lair:3   | Noticed a death yak
 15383 | Lair:3   | Noticed a death yak
 15383 | Lair:3   | Noticed a death yak
 15383 | Lair:3   | Noticed a death yak
 15384 | Lair:3   | Noticed a death yak
 15384 | Lair:3   | Noticed a death yak
 15402 | Lair:3   | Killed a death yak
 15405 | Lair:3   | Killed a death yak
 15405 | Lair:3   | Killed a death yak
 15406 | Lair:3   | Reached XP level 13. HP: 56/117 MP: 15/18
 15901 | Lair:3   | Reached skill level 10 in Short Blades
 15948 | Lair:3   | Reached skill level 10 in Dodging
 16413 | Lair:3   | Found a glowing golden altar of the Shining One.
 16529 | Lair:3   | Found a staircase to the Snake Pit.
 17426 | Lair:4   | Found a staircase to the Slime Pits.
 17426 | Lair:4   | Found a viscous altar of Jiyva.
 18612 | Lair:5   | Entered Level 5 of the Lair of Beasts
 18728 | Lair:5   | Reached XP level 14. HP: 129/129 MP: 20/20
 19432 | Lair:5   | Reached skill level 10 in Invocations
 21195 | Orc:1    | Entered Level 1 of the Orcish Mines
 21195 | Orc:1    | Noticed Fannar
 21335 | Orc:1    | Killed Fannar
 21724 | Orc:1    | Found a dark tunnel.
 21732 | Volcano  | Entered a volcano
 21752 | Volcano  | Found a bloodstained altar of Trog.
 22285 | Orc:1    | Noticed Erolcha
 22304 | Orc:1    | Killed Erolcha
 22519 | Orc:2    | Entered Level 2 of the Orcish Mines
 22583 | Orc:2    | Noticed Josephine
 22598 | Orc:2    | Killed Josephine
 22601 | Orc:2    | Reached XP level 15. HP: 125/138 MP: 21/21
 23897 | Orc:2    | Found Mikisisch's Weapon Emporium.
 23909 | Orc:2    | Found Ogiul's Armour Shop.
 23913 | Orc:2    | Found Ywkiloow's Book Emporium.
 23927 | Orc:2    | Found Meaguusm's Book Shoppe.
 23952 | Orc:2    | Found a staircase to the Elven Halls.
 24526 | Snake:1  | Entered Level 1 of the Snake Pit
 27467 | Snake:2  | Reached skill level 15 in Fighting
 27760 | Snake:2  | Reached XP level 16. HP: 144/149 MP: 23/23
 27800 | Snake:2  | Reached skill level 15 in Armour
 28377 | Snake:2  | Reached skill level 15 in Shields
 28770 | Snake:2  | Found Feimp's Jewellery Shoppe.
 29509 | Snake:3  | Noticed Aizul
 29532 | Snake:3  | Killed Aizul
 29716 | Snake:3  | Found Micremn's Distillery.
 29738 | Snake:3  | Found Voifiun's Weapon Shop.
 29738 | Snake:3  | Found Pasefoez's Antique Weapon Boutique.
 29746 | Snake:3  | Bought a potion of might for 68 gold pieces
 29746 | Snake:3  | Bought a potion of might for 68 gold pieces
 29746 | Snake:3  | Bought a potion of resistance for 170 gold pieces
 29746 | Snake:3  | Bought a potion of resistance for 170 gold pieces
 29746 | Snake:3  | Bought a potion of cancellation for 136 gold pieces
 29746 | Snake:3  | Bought a potion of curing for 51 gold pieces
 29746 | Snake:3  | Found Somp's Jewellery Shop.
 30138 | Snake:3  | Found the +3 warlock's mirror {omnireflect}
 30450 | Snake:3  | Noticed Vashnia
 30451 | Snake:3  | Noticed Asterion
 30471 | Snake:3  | Killed from afar by Asterion

Illustrated notes

Levels and vault maps discovered:
D:1:      minmay_arrival_solitary_statue, layout_rooms, st_stairs_14
D:2:      layout_basic, shapermc_ecumenical_altar_venn, minmay_snake_closets
D:3:      minmay_razor_zed, layout_basic, serial_shops,
          nicolae_shop_advertising_works [nicolae_subvault_shop_adworks],
          guppyfry_early_orc_mine, uniq_natasha
D:4:      minmay_octagon_keep, layout_loops_ring,
          minmay_temple_entry_junction_2, ebering_ghost_disaster_area,
          portal_sewer_entry_e, minmay_goblin_kobold_house, uniq_robin
D:5:      layout_layer_cave, chequers_serial_rivers_micro_c,
          hangedman_abyss_or_decor_stabs, chequers_serial_rivers_marsh,
          uniq_pikel, uniq_prince_ribbit1
D:6:      layout_loops_ring, amethyst_overflow_temple_binary,
          yredelemnul_altar_generic
D:7:      cheibrodos_iron_armory, layout_basic, chequers_mini_garden
D:8:      layout_rooms, serial_shops, shop,
          minmay_guarded_unrand_staff_of_olgreb, uniq_maggie
D:9:      layout_basic, nicolae_overflow_crystal_walls, grunt_decor_resistance,
          uniq_erica
D:10:     lemuel_castle_with_subvaults [lemuel_castle_interior_carwin_2],
          layout_stronghold, dpeg_oklobed_lair, david_orc_4, serial_shops,
          kennysheep_mini, ebering_ghost_funeral_grove
Temple:   nicolae_temple_two_arcs
Lair:1:   layout_gridlike, minivault_19, chequers_serial_rivers_room_b,
          uniq_amaemon
Lair:2:   beast_lair_carwin_large_4, layout_regular_city,
          elwin_shoals_entry_stream, serial_bayou_pond_e, uniq_sonja,
          uniq_gastronok
Lair:3:   wad_woods_structure_01, layout_regular_city,
          minmay_snake_entry_guardpost_medium, basic_altar, beast_lair_carwin_11
Lair:4:   layout_regular_city, minmay_slime_entry_jelly_boxes
Lair:5:   evilmike_catoblepas_cave, layout_regular_city
Snake:1:  layout_layer_cave, grunt_megastairs_4, serial_bayou_shore_a
Snake:2:  kennysheep_snake, layout_honeycomb, serial_shops,
          nicolae_shop_tiny_waterfront
Snake:3:  layout_misc_corridors, nicolae_snake_salamander_fort,
          grunt_megastairs_3, serial_bayou_shore_b, lemuel_fruit_tree,
          minmay_shoptagon, uniq_asterion, uniq_vashnia, uniq_aizul
Orc:1:    layout_caves, nicolae_volcano_entry_hallway, uniq_snorg, uniq_fannar,
          uniq_erolcha
Orc:2:    st_orc_open, layout_caves, mines2_lemuel, uniq_josephine

Skill      XL: |  1  2  3  4  5  6  7  8  9 10 11 12 13 14 15 16 |
---------------+-------------------------------------------------+-----
Fighting       | 4 5 6 7 8 9 10 11 13 14 15 | 15.6
Armour         | 4 5 6 7 8 9 10 11 12 13 14 15 | 15.5
Shields        | 4 5 6 7 8 9 10 11 12 13 14 15 | 15.4
Maces & Flails | 3 4 |  4.0
Short Blades   | 1 2 3 4 5 7 8 9 10 12 13 | 13.7
Dodging        | 2 3 4 5 7 8 9 10 12 13 | 13.6
Invocations    | 2 4 5 7 8 9 10 11 12 | 12.2

Action                     |  1- 3 |  4- 6 |  7- 9 | 10-12 | 13-15 | 16-18 || total
---------------------------+-------+-------+-------+-------+-------+-------++-------
  Melee: Flail             |    93 |    46 |       |       |       |       ||   139
         Headbutt          |    13 |    28 |    73 |   155 |   424 |   101 ||   794
         Short sword       |       |   155 |   178 |       |       |       ||   333
         Dagger            |       |       |   144 |   702 |  1255 |   300 ||  2401
  Throw: Stone             |       |       |       |     2 |       |       ||     2
         Dart              |       |       |       |       |       |     1 ||     1
 Invoke: Stomp             |       |       |     1 |     4 |     7 |     1 ||    13
         Line Pass         |       |       |       |       |     1 |       ||     1
  Evoke: Wand              |       |       |       |     1 |     6 |       ||     7
    Use: Scroll            |       |       |       |    15 |    15 |     2 ||    32
         Potion            |       |       |       |     5 |     5 |     1 ||    11
   Stab: Paralysed         |       |       |    16 |    54 |    99 |    31 ||   200
         Petrified         |       |       |       |       |     2 |       ||     2
 Armour: Scale mail        |    59 |    80 |    63 |       |       |       ||   202
         Chain mail        |       |       |    44 |   368 |    29 |       ||   441
         Plate armour      |       |       |       |       |   529 |   121 ||   650
  Dodge: Dodged            |    43 |    83 |   102 |   244 |   433 |    97 ||  1002
  Block: Buckler           |    20 |    57 |    15 |       |   262 |   115 ||   469
         Kite shield       |       |       |    96 |   387 |   255 |       ||   738
         Reflection        |       |       |       |       |       |     6 ||     6
